 Dungeon Crawl Stone Soup version 0.22-a0-247-gbddf880 (webtiles) character file.

7392 Amnesiac the Prestidigitator (level 10, -14/59 HPs)
             Began as a Deep Elf Artificer on Feb 24, 2018.
             Was an Initiate of Gozag.
             Killed from afar by Duffy's ghost (33 damage)
             ... with a fireball
             ... on level 12 of the Dungeon.
             The game lasted 00:44:01 (14639 turns).

Amnesiac the Prestidigitator (Deep Elf Artificer)  Turns: 14639, Time: 00:44:02

Health: -14/59     AC:  8    Str: 12    XL:     10   Next: 92%
Magic:  22/22      EV: 15    Int: 22    God:    Gozag
Gold:   1007       SH:  6    Dex: 15    Spells: 1/9 levels left

rFire    . . .     SeeInvis .   b - staff of air
rCold    . . .     Gourm    .   K - +1 buckler
rNeg     . . .     Faith    .   k - +2 robe {MR+}
rPois    .         Spirit   .   G - +0 helmet
rElec    +         Reflect  .   (no cloak)
rCorr    +         Harm     .   m - +2 pair of gloves
MR       ++...                  (no boots)
Stlth    +++.......             h - amulet of regeneration
HPRegen  0.59/turn              g - ring of resist corrosion
MPRegen  0.18/turn              y - +5 ring of intelligence

@: no status effects
A: no striking features
a: Potion Petition, Call Merchant, Bribe Branch, Renounce Religion


You were on level 12 of the Dungeon.
You worshipped Gozag.
Gozag was most pleased with you.
You were not hungry.

You visited 3 branches of the dungeon, and saw 14 of its levels.
You also visited: Ossuary.

You collected 1927 gold pieces.
You spent 791 gold pieces at shops.
You paid 129 gold pieces to Gozag.

Inventory:

Hand Weapons
 a - a +0 short sword of venom
 n - a +1 dagger of freezing
 I - a +2 dagger of speed
 J - the +7 battleaxe of Ugucvakk {chop, rF+ rC++ Int-2}
   (You found it on level 7 of the Dungeon)

   It inflicts extra damage upon your enemies.
   It affects your intelligence (-2).
   It protects you from fire.
   It greatly protects you from cold.
Missiles
 i - 352 stones (quivered)
 p - 7 needles of confusion
 v - 54 poisoned needles
Armour
 k - a +2 robe of magic resistance (worn)
 m - a +2 pair of gloves (worn)
 G - a +0 helmet (worn)
 H - the +0 ring mail of Qerghia {Str+7}
   (You bought it in a shop on level 6 of the Dungeon)

   It affects your strength (+7).
 K - a +1 buckler (worn)
 L - the +1 ring mail of Soeholon {rF- rN+ Str+6}
   (You found it on level 8 of the Dungeon)

   It affects your strength (+6).
   It makes you vulnerable to fire.
   It protects you from negative energy.
Magical Staves
 b - an uncursed staff of air (weapon)
 B - an uncursed staff of energy
Jewellery
 g - a ring of resist corrosion (left hand)
 h - an amulet of regeneration (around neck)
 s - an uncursed ring of wizardry {unknown}
 t - an uncursed ring of positive energy
 y - a +5 ring of intelligence (right hand)
 A - an uncursed amulet of magic regeneration
Scrolls
 c - 6 scrolls of remove curse {!r}
 d - a scroll of silence {!r}
 j - 4 scrolls of amnesia {!r}
 l - 4 scrolls of magic mapping {!r}
 q - 3 scrolls of teleportation {!r}
 r - 9 scrolls of identify {!r}
 w - 3 scrolls of fog {!r}
 D - 4 scrolls of enchant weapon {!r}
 F - 3 scrolls of immolation {!r}
Potions
 o - a potion of magic {!q}
 u - 2 potions of flight {!q}
 C - a potion of brilliance {!q}
 E - a potion of mutation {!q}
Comestibles
 f - 3 rations


   Skills:
 - Level 5.0 Fighting
 - Level 4.0 Short Blades
 - Level 5.0 Dodging
 - Level 4.0 Stealth
 - Level 4.1 Shields
 - Level 0.1 Spellcasting
 * Level 14.4 Evocations


You had one spell level left.
You knew the following spells:

 Your Spells              Type           Power        Failure   Level  Hunger
a - Sandblast             Erth           #.....       17%         1    ##.....
b - Passwall              Tmut/Erth      #.........   26%         2    ###....
c - Summon Small Mammal   Summ           #...         17%         1    ##.....
e - Petrify               Tmut/Erth      #.......     86%         4    #####..


Dungeon Overview and Level Annotations

Branches:
Dungeon (12/15)            Temple (1/1) D:6            Lair (1/6) D:10
    Orc (0/2) D:11

Altars:
Dithmenos
Gozag
Makhleb
Qazlal
Ru

Shops:
D:6 ![}?   D:8 }?

Annotations:
D:7 exclusion: downstairs
D:8 Maurice, Psyche
D:9 exclusion: steam dragon
D:12 Duffy's ghost, journeyman DEFE


Message History

You open the door.
There is an open door here.
r - 9 scrolls of identify {!r} (gained 1)
A slime creature comes into view.
The slime creature quivers.
A slime creature is nearby!
You swing at nothing.
You swing at nothing.
You hear the faint crackling of a distant melting archway.
You hit the slime creature.
The slime creature is electrocuted!
The slime creature is lightly wounded.
You block the slime creature's attack.
You hit the slime creature.
The slime creature is lightly wounded.
The slime creature hits you but does no damage.
You barely miss the slime creature.
The slime creature is lightly wounded.
The slime creature closely misses you.
You hit the slime creature.
The slime creature is electrocuted!
The slime creature is moderately wounded.
The slime creature barely misses you.
You hit the slime creature.
The slime creature is moderately wounded.
The slime creature barely misses you. The slime creature closely misses you.
You hit the slime creature but do no damage.
The slime creature is moderately wounded.
The slime creature barely misses you.
You hit the slime creature.
The slime creature is electrocuted!
The slime creature is moderately wounded.
The slime creature misses you.
You hit the slime creature.
The slime creature is electrocuted!
The slime creature is heavily wounded.
The slime creature hits you!
You hit the slime creature but do no damage.
The slime creature is heavily wounded.
The slime creature closely misses you.
You hit the slime creature.
The slime creature is heavily wounded.
The slime creature misses you. The slime creature closely misses you.
You hit the slime creature but do no damage.
The slime creature is electrocuted!
The slime creature is heavily wounded.
The slime creature hits you!
You barely miss the slime creature.
The slime creature is heavily wounded.
The slime creature closely misses you.
You barely miss the slime creature.
The slime creature is heavily wounded.
The slime creature hits you!
* * * LOW HITPOINT WARNING * * *
You hit the slime creature.
The slime creature is electrocuted!
The slime creature is heavily wounded.
You block the slime creature's attack.
You barely miss the slime creature.
The slime creature is heavily wounded.
The slime creature closely misses you. The slime creature hits you!!
* * * LOW HITPOINT WARNING * * *
Duffy's ghost (journeyman Deep Elf Fire Elementalist) comes into view.
It is wielding a weapon of venom.
Duffy's ghost turns its malevolent gaze towards you.
Duffy's ghost casts a spell at you.
The fireball explodes!
The fireball engulfs you!
Ouch! That really hurt!
You die...
Your body crumbles into a pile of gold.

#....#####...
#...<#.......
#....#.......
#....+.W.....
#....#.......
#....'.......
#....########
...#####...........
#.........@.........
#.....###'#J........
#..####...#.........
#..#......#..######.
#######..#......#..#
.........#......#..#
.........#...##'#..#
.........#####.....#
...................#


You could see a slime creature and Duffy's ghost.

Vanquished Creatures
  Joseph (D:10)
  A gargoyle (D:10)
  A hornet (D:10)
  A hippogriff (D:9)
  A water moccasin (D:6)
  A wraith (D:10)
  9 yaks
  A water elemental (D:11)
  2 orc warriors
  2 sky beasts
  5 ogres
  2 phantoms
  A black bear (D:11)
  A centaur (D:10)
  A necrophage (D:8)
  The ghost of Amnesiac the Charlatan, an amateur DEAr (D:4)
  4 big kobolds
  8 bullfrogs
  2 scorpions (D:7)
  4 killer bees (D:7)
  A howler monkey (D:4)
  2 wights (D:7)
  3 electric eels (D:11)
  A centaur zombie (D:6)
  5 crimson imps
  3 jellies
  A quasit (D:10)
  A bullfrog zombie (D:11)
  7 hounds
  5 centaur skeletons
  5 orc wizards
  2 bullfrog skeletons
  3 iguanas
  6 worker ants
  2 mummies (Ossuary)
  2 worker ant zombies
  Robin (D:3)
  9 adders
  4 gnolls
  A shadow imp (D:2)
  2 adder zombies (Ossuary)
  5 worms
  A dart slug (D:1)
  6 leopard geckos
  36 orcs
  2 giant cockroaches
  12 goblins
  7 hobgoblins
  9 jackals
  3 quokkas
  5 bats
  4 frilled lizards
  A giant cockroach zombie (D:5)
  4 goblin zombies (Ossuary)
  3 hobgoblin zombies (Ossuary)
  18 kobolds
  A kobold zombie (Ossuary)
  A quokka zombie (Ossuary)
  5 rats
  4 rat zombies (Ossuary)
242 creatures vanquished.

Vanquished Creatures (collateral kills)
  2 bullfrogs (D:6)
  A scorpion (D:5)
  A howler monkey (D:6)
  2 wights (D:7)
  An orc priest (D:6)
  A mummy (Ossuary)
  An adder zombie (Ossuary)
  3 orcs (D:6)
  A giant cockroach (D:6)
  A hobgoblin zombie (Ossuary)
  A quokka zombie (Ossuary)
15 creatures vanquished.

Vanquished Creatures (others)
  An ogre (D:5)
  A wight (D:7)
  An orc wizard (D:4)
  An orc (D:4)
4 creatures vanquished.

Grand Total: 261 creatures vanquished

Notes
Turn   | Place    | Note
-------+----------+-------------------------------------------
     0 | D:1      | Amnesiac the Deep Elf Artificer began the quest for the Orb.
     0 | D:1      | Reached XP level 1. HP: 11/11 MP: 5/5
     5 | D:1      | Reached skill level 1 in Fighting
   242 | D:4      | Noticed Amnesiac's ghost (amateur DEAr)
   501 | D:3      | Reached XP level 2. HP: 12/16 MP: 6/6
   615 | D:3      | Reached skill level 4 in Evocations
   615 | D:3      | Reached XP level 3. HP: 20/20 MP: 6/8
   631 | D:3      | Found a faded altar of an unknown god.
   961 | D:4      | Reached skill level 5 in Evocations
   961 | D:4      | Reached XP level 4. HP: 25/25 MP: 8/10
  1038 | D:4      | HP: 1/25 [orc/mace (7)]
  1442 | D:4      | Killed Amnesiac's ghost
  1442 | D:4      | Reached skill level 6 in Evocations
  1442 | D:4      | Reached XP level 5. HP: 29/29 MP: 11/11
  1486 | D:4      | Noticed an ogre
  1497 | D:4      | Killed an ogre
  1497 | D:4      | Reached skill level 7 in Evocations
  1497 | D:4      | Reached XP level 6. HP: 12/34 MP: 13/13
  1947 | D:4      | Reached skill level 8 in Evocations
  2228 | D:5      | Entered Level 5 of the Dungeon
  2710 | D:5      | Reached XP level 7. HP: 5/38 MP: 15/15
  2943 | D:5      | Found a burning altar of Makhleb.
  3322 | D:5      | Reached skill level 9 in Evocations
  4107 | D:6      | Found Enoasael's Antique Armour Shoppe.
  4216 | D:6      | Found a sand-covered staircase.
  4250 | D:6      | Killed an orc warrior
  4452 | D:6      | Found Dun Uffu's Magic Scroll Emporium.
  4515 | D:6      | Reached XP level 8. HP: 40/45 MP: 16/16
  4549 | Ossuary  | Entered an ossuary
  5348 | D:6      | Found a staircase to the Ecumenical Temple.
  5386 | Temple   | Entered the Ecumenical Temple
  5542 | Temple   | Became a worshipper of Gozag Ym Sagoz the Greedy
  7148 | D:3      | Noticed Robin
  7188 | D:3      | Killed Robin
  7233 | D:3      | Learned a level 2 spell: Passwall
  7672 | D:3      | Found a sacrificial altar of Ru.
  8523 | D:6      | Bought a polished ring mail for 297 gold pieces
  8543 | D:6      | Identified the cursed +0 ring mail of Qerghia {Str+7} (You bought it in a shop on level 6 of the Dungeon)
  8570 | D:6      | Found Tuomyes's Distillery.
  8607 | D:6      | HP: 2/48 [poisoned by a water moccasin]
  8699 | D:6      | Bought a potion of heal wounds for 60 gold pieces
  8699 | D:6      | Bought a potion of magic for 96 gold pieces
  8699 | D:6      | Bought a potion of lignification for 36 gold pieces
  8699 | D:6      | Bought a potion of flight for 36 gold pieces
  8793 | D:6      | Found Emax's Gadget Boutique.
  8945 | D:7      | Reached skill level 10 in Evocations
  9021 | D:7      | HP: 1/48 [wight/enchanted long sword (8)]
  9391 | D:7      | Reached XP level 9. HP: 52/52 MP: 18/18
  9418 | D:7      | Got a transparent battleaxe
  9419 | D:7      | Identified the +7 battleaxe of Ugucvakk {chop, rF+ rC++ Int-2} (You found it on level 7 of the Dungeon)
  9715 | D:7      | HP: 2/53 [killer bee (6)]
  9903 | D:7      | Learned a level 1 spell: Sandblast
 10036 | D:8      | Noticed Psyche
 10036 | D:8      | Noticed Maurice
 10088 | D:8      | Reached skill level 5 in Fighting
 10103 | D:8      | Found Gatac's Magic Scroll Emporium.
 10111 | D:8      | Bought a scroll of fear for 49 gold pieces
 10111 | D:8      | Bought a scroll of random uselessness for 14 gold pieces
 10111 | D:8      | Bought a scroll of immolation for 49 gold pieces
 10111 | D:8      | Bought a scroll of amnesia for 49 gold pieces
 10111 | D:8      | Bought a scroll of enchant weapon for 105 gold pieces
 10170 | D:8      | Reached skill level 5 in Dodging
 10279 | D:8      | Reached skill level 1 in Shields
 10280 | D:8      | Noticed a two-headed ogre
 10840 | D:8      | Got a smoking ring mail
 10851 | D:8      | Identified the +1 ring mail of Soeholon {rF- rN+ Str+6} (You found it on level 8 of the Dungeon)
 11033 | D:8      | Found Muplur's Gadget Shoppe.
 11242 | D:9      | Identified a scroll of acquirement {!r}
 11893 | D:9      | Reached skill level 11 in Evocations
 12127 | D:9      | Learned a level 4 spell: Petrify
 12199 | D:10     | Entered Level 10 of the Dungeon
 12279 | D:10     | Reached XP level 10. HP: 56/59 MP: 20/20
 12315 | D:10     | Learned a level 1 spell: Summon Small Mammal
 12496 | D:10     | Noticed a gargoyle
 12692 | D:10     | Reached skill level 12 in Evocations
 12700 | D:10     | Found a staircase to the Lair.
 12716 | D:10     | Noticed a two-headed ogre
 13246 | D:11     | Found a staircase to the Orcish Mines.
 13372 | D:11     | HP: 1/59 [water elemental (17)]
 13423 | D:10     | Reached skill level 13 in Evocations
 13435 | D:10     | Killed a gargoyle
 13593 | D:10     | Noticed Joseph
 13624 | D:10     | Killed Joseph
 13796 | Lair:1   | Entered Level 1 of the Lair of Beasts
 13964 | D:11     | Reached skill level 14 in Evocations
 14538 | D:11     | Noticed a cyclops
 14639 | D:12     | Noticed Duffy's ghost (journeyman DEFE)
 14639 | D:12     | Killed from afar by Duffy's ghost

Vault maps used:
D:1:      erik_arrival_blinker_ship
D:3:      old_standard_altar, chequers_ecumenical_altar_island,
          lightli_corner_chamber, uniq_robin
D:4:      first_ration
D:5:      minivault_19, minmay_misc_feat_four_crosses, makhleb_heckhound_becter
D:6:      minmay_temple_entry_purple_smoke, enter_ossuary_2, serial_shops, shop,
          shop, nicolae_shop_stone, shop
D:8:      serial_shops, shop, shop_statue, uniq_psyche, uniq_maurice
D:10:     lair_entry_dummy, uniq_joseph
D:12:     portal_ice_cave_entry_pillars_1, hangedman_fish_farm, minivault_16,
          bh_hangedman_babel_library, uniq_kirke, uniq_snorg, uniq_harold
Temple:   nicolae_temple_the_god_donut
Lair:1:   serial_bayou_shore_a, grunt_megastairs_5
Ossuary:  ossuary_minmay_chase

Skill      XL: |  1  2  3  4  5  6  7  8  9 10 |
---------------+-------------------------------+-----
Fighting       | 1 2 4 5 |  5.0
Evocations     | 4 5 6 7 8 9 10 11 14 | 14.4
Short Blades   | 3 4 |  4.0
Stealth        | 3 4 |  4.0
Dodging        | 4 5 |  5.0
Shields        | 4 |  4.1
Spellcasting   | |  0.1

Action                   |  1- 3 |  4- 6 |  7- 9 | 10-12 || total
-------------------------+-------+-------+-------+-------++-------
Melee: Short sword       |    41 |    13 |   504 |   178 ||   736
       Hand axe          |       |   110 |       |       ||   110
       Dagger            |       |       |   201 |    26 ||   227
       Battleaxe         |       |       |    83 |       ||    83
       Staff             |       |       |     7 |   153 ||   160
 Cast: Passwall          |       |       |     6 |     4 ||    10
       Sandblast         |       |       |       |    43 ||    43
       Summon Small Mamm |       |       |       |    22 ||    22
Invok: Potion Petition   |       |       |       |     1 ||     1
Evoke: Wand              |    16 |    18 |    11 |    18 ||    63
  Use: Potion            |       |     3 |    13 |     7 ||    23
       Scroll            |       |     3 |    13 |     2 ||    18
 Stab: Paralysed         |       |     2 |       |       ||     2
       Sleeping          |       |       |    11 |     3 ||    14
       Distracted        |       |       |     3 |       ||     3
       Invisible         |       |       |     1 |       ||     1
  Eat: Chunk             |       |     4 |     8 |       ||    12
       Ration            |       |     1 |     8 |     3 ||    12
Armor: Leather armour    |    11 |       |       |       ||    11
       Ring mail         |       |    18 |    24 |       ||    42
       Robe              |       |    17 |    87 |    64 ||   168
       Skin              |       |       |    45 |       ||    45
Dodge: Dodged            |    33 |    73 |   426 |   234 ||   766
Block: Buckler           |       |       |    30 |    82 ||   112

Table legend:
 A = Spawn XP
 B = Non-spawn XP
 C = Spawn XP percentage of total XP
 D = Spawn monster count
 E = Non-spawn monster count
 F = Spawn count percentage of total count
 G = Total turns spent on level
                    A         B        C        D         E        F      G
               +---------+---------+-------+---------+---------+-------+---------
         Total |       0 |   10561 |   0.0 |       0 |     258 |   0.0 | 14639
               +---------+---------+-------+---------+---------+-------+---------
           D:1 |       0 |      42 |   0.0 |       0 |      15 |   0.0 |   694
           D:2 |       0 |      34 |   0.0 |       0 |       8 |   0.0 |   992
           D:3 |       0 |     265 |   0.0 |       0 |      46 |   0.0 |  1648
           D:4 |       0 |     635 |   0.0 |       0 |      25 |   0.0 |  1780
           D:5 |       0 |     391 |   0.0 |       0 |      26 |   0.0 |  2128
           D:6 |       0 |    1063 |   0.0 |       0 |      23 |   0.0 |  1539
           D:7 |       0 |     949 |   0.0 |       0 |      20 |   0.0 |  1002
           D:8 |       0 |     319 |   0.0 |       0 |       8 |   0.0 |   859
           D:9 |       0 |    1617 |   0.0 |       0 |      15 |   0.0 |   956
          D:10 |       0 |    3123 |   0.0 |       0 |      33 |   0.0 |  1458
          D:11 |       0 |    1958 |   0.0 |       0 |      17 |   0.0 |   895
          D:12 |       0 |      88 |   0.0 |       0 |       1 |   0.0 |    85
       Ossuary |       0 |      77 |   0.0 |       0 |      21 |   0.0 |   440
               +---------+---------+-------+---------+---------+-------+---------
